 Dungeon Crawl Stone Soup version 0.26-a0-259-g1effd001a9 (webtiles) character file.

Game seed: 55715114863843929

2 vurker the Chiller (level 1, -2/14 HPs)
             Began as a Draconian Ice Elementalist on July 15, 2020.
             Killed from afar by a dart slug (4 damage)
             ... with a slug dart
             ... on level 1 of the Dungeon.
             The game lasted 00:00:16 (54 turns).

vurker the Chiller (Draconian Ice Elementalist)       Turns: 54, Time: 00:00:16

Health: -2/14      AC:  4    Str: 10    XL:     1   Next: 25%
Magic:  0/3        EV: 12    Int: 15    God:
Gold:   2          SH:  0    Dex: 11    Spells: 3/4 levels left

rFire    . . .     SeeInvis .   a - +0 dagger
rCold    . . .     Faith    .   (no shield)
rNeg     . . .     Spirit   .   (armour unavailable)
rPois    .         Reflect  .   (helmet restricted)
rElec    .         Harm     .   (no cloak)
rCorr    .                      (no gloves)
MR       .....                  (no boots)
Stlth    ++........             (no amulet)
HPRegen  0.04/turn              (no ring)
MPRegen  0.08/turn              (no ring)

@: no status effects
A: unfitting armour, cold-blooded, AC +4
a: no special abilities


You were on level 1 of the Dungeon.
You were not hungry.

You visited 1 branch of the dungeon, and saw 1 of its levels.

You collected 2 gold pieces.

Inventory:

Hand Weapons
 a - a +0 dagger (weapon)
   (You took it off a goblin on level 1 of the Dungeon)
Comestibles
 e - 2 rations


   Skills:
 + Level 0.1 Fighting
 - Level 1.7 Dodging
 - Level 1.7 Stealth
 * Level 2.0 Spellcasting
 * Level 4.0 Ice Magic


You had 3 spell levels left.
You knew the following spells:

 Your Spells              Type           Power        Failure   Level
a - Freeze                Ice            ##..         4%          1

Your spell library contained the following spells:

 Spells                   Type           Power        Failure   Level
 Frozen Ramparts          Ice            ##....       13%         3
 Ozocubu's Armour         Chrm/Ice       #.......     28%         3
 Hailstorm                Conj/Ice       #.......     67%         4
 Summon Ice Beast         Ice/Summ       #.......     67%         4


Dungeon Overview and Level Annotations

Branches:
Dungeon (1/15)

Altars:


Innate Abilities, Weirdness & Mutations

Your plain brown scales are hard. (AC +4)
You cannot fit into any form of body armour.
You are cold-blooded and may be slowed by cold attacks.


Message History

You now have 2 gold pieces.
A kobold comes into view.
A kobold is nearby!
Found 16 arrows.
Aim: a kobold, quivering 4 stones (asleep)
You freeze the kobold.
The kobold shouts!
You hear a shout!
The kobold misses you.
Aim: a kobold, quivering 4 stones (moderately wounded)
You freeze the kobold.
You kill the kobold!
You can't see any susceptible monsters within range! (Use Z to cast anyway.)
A goblin comes into view. It is wielding a +0 dagger.
A goblin is nearby!
A goblin is nearby!
You closely miss the goblin. The goblin closely misses you.
Aim: a goblin, wielding a +0 dagger You freeze the goblin.
You kill the goblin!
You don't have enough magic to cast that spell.
You see here a +0 dagger.
a - a +0 dagger You swing at nothing.
a - a +0 dagger (weapon)
A dart slug comes into view.
The dart slug launches a dart at you. The slug dart hits you.
The dart slug barely misses you.
You completely miss the dart slug. The dart slug launches a dart at you.
The slug dart hits you.
* * * LOW HITPOINT WARNING * * *
Aim: a dart slug You freeze the dart slug.
The dart slug launches a dart at you. The slug dart hits you.
* * * LOW HITPOINT WARNING * * *
You are too injured to fight recklessly!
You are too injured to fight recklessly!
You hit the dart slug but do no damage.
You tail-slap the dart slug, but do no damage.
You hit the dart slug. The dart slug barely misses you.
You hit the dart slug.
The dart slug bites you but does no damage.
Aim: a dart slug (moderately wounded)
You freeze the dart slug. You hit the dart slug.
The dart slug launches a dart at you. The slug dart hits you.
You die...

..#. .... #. ..#
#..##.# ###.###..
#..##.# #....##.#
...##.# #....##.#####
##.##.# #....##.#...#
##.##.# #....##.#...#
...##.###....##.#...#
##..............@...+
#...........####w..#
#........(..# ####
####........#
#........#
...........(
###........###
#........# #........#


You could see a dart slug.

Vanquished Creatures
  A goblin (D:1)
  A kobold (D:1)
2 creatures vanquished.

Notes
Turn   | Place    | Note
-------+----------+-------------------------------------------
     0 | D:1      | vurker the Draconian Ice Elementalist began the quest for
                  | the Orb.
     0 | D:1      | Reached XP level 1. HP: 14/14 MP: 3/3
    54 | D:1      | Killed from afar by a dart slug

Illustrated notes

Levels and vault maps discovered:
D:1:      dpeg_arrival_lava_altar, layout_basic

Action                   || total
-------------------------++-------
Melee: Dagger            ||     5
       Unarmed           ||     1
       Tailslap          ||     1
 Cast: Freeze            ||     5
Armor: Skin              ||     1
Dodge: Dodged            ||     4

Table legend:
 A = Non-vault XP
 B = Vault XP
 C = Vault XP percentage of total XP
 D = Non-vault monster count
 E = Vault monster count
 F = Vault count percentage of total count
                 A         B        C        D         E       F
            +---------+---------+-------+---------+---------+-------
      Total |       3 |       0 |   0.0 |       2 |       0 |   0.0
            +---------+---------+-------+---------+---------+-------
        D:1 |       3 |       0 |   0.0 |       2 |       0 |   0.0
            +---------+---------+-------+---------+---------+-------
